TOP OF THE 1ST |
Philadelphia (APP) Phillies batting - Pitching for San Diego (APP) Padres : RHP Sean Fowler
|
Pitching: RHP Sean Fowler
|
|
Batting: LHB Matt Urbanek
|
0-0: Ball 1-0: Ball 2-0: Called Strike 2-1: Ball 3-1: Foul Ball, location: 2F 3-2: Foul Ball, location: 2F 3-2: Base on Balls
|
Batting: RHB Carlos Morejon
|
0-0: Ball 1-0: Called Strike 1-1: Ball 2-1: Fielders Choice at 2nd, 6-4 (Groundball, 6, EV 78.1 MPH)
|
Batting: RHB Kyle Reilly
|
0-0: Ball 1-0: Foul Ball, location: 2F 1-1: Ball 2-1: Foul Ball, location: 2F 2-2: Strikes out swinging
|
Batting: RHB Seung-mun Kim
|
0-0: Called Strike 0-1: Ball 1-1: Foul Ball, location: 2F 1-2: Strikes out swinging
|
Top of the 1st over - 0 runs, 0 hits, 0 errors, 1 left on base; Philadelphia (APP) 0 - San Diego (APP) 0 |
BOTTOM OF THE 1ST |
San Diego (APP) Padres batting - Pitching for Philadelphia (APP) Phillies : RHP Chad Capaldi
|
Pitching: RHP Chad Capaldi
|
|
Batting: LHB Phil Lerner
|
0-0: Fly out, F8 (Flyball, 8LD, EV 87.5 MPH)
|
Batting: LHB Carlos Cuellar
|
0-0: Called Strike 0-1: Called Strike 0-2: Ball 1-2: Ball 2-2: Fly out, F8 (Flyball, 8RD, EV 90.6 MPH)
|
Batting: RHB Antonio Lara
|
0-0: Called Strike 0-1: Ball 1-1: Swinging Strike 1-2: Foul Ball, location: 2F 1-2: Ball 2-2: Ground out 5-3 (Groundball, 56, EV 90.6 MPH)
|
Bottom of the 1st over - 0 runs, 0 hits, 0 errors, 0 left on base; Philadelphia (APP) 0 - San Diego (APP) 0 |
TOP OF THE 2ND |
Philadelphia (APP) Phillies batting - Pitching for San Diego (APP) Padres : RHP Sean Fowler
|
Batting: LHB Danny Zuniga
|
0-0: Ground out 4-3 (Groundball, 13, EV 86.2 MPH)
|
Batting: LHB Eric Farren
|
0-0: Ball 1-0: Called Strike 1-1: Fly out, F9 (Flyball, 9LS, EV 86.9 MPH)
|
Batting: RHB Vaclav Been
|
0-0: Ball 1-0: Foul Ball, location: 2F 1-1: Ball 2-1: Swinging Strike 2-2: Strikes out swinging
|
Top of the 2nd over - 0 runs, 0 hits, 0 errors, 0 left on base; Philadelphia (APP) 0 - San Diego (APP) 0 |
BOTTOM OF THE 2ND |
San Diego (APP) Padres batting - Pitching for Philadelphia (APP) Phillies : RHP Chad Capaldi
|
Batting: RHB Ryan Tatum
|
0-0: Ball 1-0: Fly out, F8 (Line Drive, 8LD, EV 94.4 MPH)
|
Batting: RHB Aaron Joseph
|
0-0: Ball 1-0: SINGLE (Groundball, 34D, EV 109.4 MPH)
|
Batting: LHB Rogelio Nunez
|
0-0: Foul Ball, location: 2F 0-1: Ball 1-1: Called Strike 1-2: Fly out, F9 (Flyball, 9LS, EV 85.6 MPH)
|
Batting: LHB Ramon Padilla
|
Pickoff Throw to First - Out! 1-3
|
Bottom of the 2nd over - 0 runs, 1 hit, 0 errors, 0 left on base; Philadelphia (APP) 0 - San Diego (APP) 0 |
TOP OF THE 3RD |
Philadelphia (APP) Phillies batting - Pitching for San Diego (APP) Padres : RHP Sean Fowler
|
Batting: LHB Josh George
|
0-0: Called Strike 0-1: Called Strike 0-2: Strikes out looking
|
Batting: RHB Mark Schultz
|
0-0: Called Strike 0-1: Called Strike 0-2: Strikes out swinging
|
Batting: LHB Matt Urbanek
|
0-0: Ball 1-0: Called Strike 1-1: Ball 2-1: SINGLE (Line Drive, 7S, EV 105.0 MPH)
|
Batting: RHB Carlos Morejon
|
0-0: Called Strike 0-1: Ball 1-1: Foul Ball, location: 2F 1-2: Hit by Pitch Matt Urbanek to second
|
Batting: RHB Kyle Reilly
|
0-0: Ball 1-0: Ball 2-0: Foul Ball, location: 2F 2-1: Foul Ball, location: 2F 2-2: Ball 3-2: Strikes out swinging
|
Top of the 3rd over - 0 runs, 1 hit, 0 errors, 2 left on base; Philadelphia (APP) 0 - San Diego (APP) 0 |
BOTTOM OF THE 3RD |
San Diego (APP) Padres batting - Pitching for Philadelphia (APP) Phillies : RHP Chad Capaldi
|
Batting: LHB Ramon Padilla
|
0-0: Called Strike 0-1: Foul Ball, location: 2F 0-2: Ball 1-2: Ball 2-2: Ball 3-2: Foul Ball, location: 2F 3-2: Strikes out swinging
|
Batting: RHB Max Stillo
|
0-0: Swinging Strike 0-1: Foul Ball, location: 2F 0-2: Ball 1-2: Fly out, F9 (Flyball, 9, EV 91.9 MPH)
|
Batting: RHB Justin Blount
|
0-0: Foul Ball, location: 2F 0-1: Swinging Strike 0-2: Ball 1-2: Ball 2-2: SINGLE (Line Drive, 6M, EV 97.5 MPH)
|
Batting: LHB Phil Lerner
|
0-0: Foul Ball, location: 2F 0-1: Ground out 4-3 (Groundball, 4, EV 93.1 MPH)
|
Bottom of the 3rd over - 0 runs, 1 hit, 0 errors, 1 left on base; Philadelphia (APP) 0 - San Diego (APP) 0 |
TOP OF THE 4TH |
Philadelphia (APP) Phillies batting - Pitching for San Diego (APP) Padres : RHP Sean Fowler
|
Batting: RHB Seung-mun Kim
|
0-0: Called Strike 0-1: Ball 1-1: Ground out 4-3 (Groundball, 4M, EV 80.6 MPH)
|
Batting: LHB Danny Zuniga
|
0-0: Swinging Strike 0-1: Foul Ball, location: 2F 0-2: Ball 1-2: Strikes out swinging
|
Batting: LHB Eric Farren
|
0-0: Ball 1-0: Swinging Strike 1-1: Ball 2-1: DOUBLE (Groundball, 3D, EV 109.4 MPH)
|
Batting: RHB Vaclav Been
|
0-0: Ball 1-0: Called Strike 1-1: SINGLE (Groundball, 5S, EV 69.4 MPH) (infield hit) Eric Farren to third
|
Batting: LHB Josh George
|
0-0: Called Strike 0-1: Foul Ball, location: 2F 0-2: Foul Ball, location: 2F 0-2: Ball 1-2: Strikes out looking
|
Top of the 4th over - 0 runs, 2 hits, 0 errors, 2 left on base; Philadelphia (APP) 0 - San Diego (APP) 0 |
BOTTOM OF THE 4TH |
San Diego (APP) Padres batting - Pitching for Philadelphia (APP) Phillies : RHP Chad Capaldi
|
Batting: LHB Carlos Cuellar
|
0-0: Ball 1-0: Ball 2-0: Called Strike 2-1: Foul Ball, location: 2F 2-2: Fly out, F8 (Flyball, 8RD, EV 105.0 MPH)
|
Batting: RHB Antonio Lara
|
0-0: Called Strike 0-1: Ball 1-1: Ball 2-1: Ball 3-1: Foul Ball, location: 2F 3-2: Base on Balls
|
Batting: RHB Ryan Tatum
|
0-0: Ball 1-0: Swinging Strike 1-1: Called Strike 1-2: Foul Ball, location: 2F 1-2: Ball 2-2: Ball Antonio Lara steals 2nd base 3-2: Strikes out looking
|
Batting: RHB Aaron Joseph
|
0-0: Ball 1-0: Foul Ball, location: 2F 1-1: Ball 2-1: Foul Ball, location: 2F 2-2: DOUBLE (Line Drive, 7LM, EV 96.2 MPH) Antonio Lara scores
|
Batting: LHB Rogelio Nunez
|
0-0: Ball 1-0: Ground out U3 (Groundball, 3, EV 91.9 MPH)
|
Bottom of the 4th over - 1 run, 1 hit, 0 errors, 1 left on base; Philadelphia (APP) 0 - San Diego (APP) 1 |
TOP OF THE 5TH |
Philadelphia (APP) Phillies batting - Pitching for San Diego (APP) Padres : RHP Sean Fowler
|
Batting: RHB Mark Schultz
|
0-0: Swinging Strike 0-1: DOUBLE (Flyball, 8RXD, EV 103.8 MPH)
|
Batting: LHB Matt Urbanek
|
0-0: Ball 1-0: Ground out 6-3 (Groundball, 6M, EV 85.0 MPH) Mark Schultz to third
|
Batting: RHB Carlos Morejon
|
0-0: Ball 1-0: Ground out 6-3 (Groundball, 56, EV 107.5 MPH)
|
Batting: RHB Kyle Reilly
|
0-0: SINGLE (Groundball, 34D, EV 106.9 MPH) Mark Schultz scores
|
Pitching: LHP Kenny Cohn
|
|
Batting: RHB Seung-mun Kim
|
0-0: Swinging Strike 0-1: Ball 1-1: Called Strike 1-2: Strikes out swinging
|
Top of the 5th over - 1 run, 2 hits, 0 errors, 1 left on base; Philadelphia (APP) 1 - San Diego (APP) 1 |
BOTTOM OF THE 5TH |
San Diego (APP) Padres batting - Pitching for Philadelphia (APP) Phillies : RHP Chad Capaldi
|
Batting: LHB Ramon Padilla
|
0-0: Ball 1-0: Foul Ball, location: 2F 1-1: Called Strike 1-2: Foul Ball, location: 2F 1-2: Strikes out looking
|
Batting: RHB Max Stillo
|
0-0: Foul Ball, location: 2F 0-1: Ball 1-1: Ball 2-1: Ball 3-1: Base on Balls
|
Batting: RHB Justin Blount
|
0-0: Foul Ball, location: 2F Pickoff Throw to First - Out! 1-3 0-1: Ball 1-1: Ground out 4-3 (Groundball, 4, EV 81.2 MPH)
|
Bottom of the 5th over - 0 runs, 0 hits, 0 errors, 0 left on base; Philadelphia (APP) 1 - San Diego (APP) 1 |
TOP OF THE 6TH |
Philadelphia (APP) Phillies batting - Pitching for San Diego (APP) Padres : LHP Kenny Cohn
|
Batting: LHB Danny Zuniga
|
0-0: Foul Ball, location: 2F 0-1: DOUBLE (Line Drive, 89D, EV 101.2 MPH)
|
Batting: LHB Eric Farren
|
0-0: Ball 1-0: SINGLE (Groundball, 6S, EV 75.0 MPH) (infield hit) Danny Zuniga to third
|
Batting: RHB Vaclav Been
|
0-0: Ball 1-0: Ball 2-0: Ball 3-0: Called Strike 3-1: Foul Ball, location: 2F 3-2: Fly out, F8 (Flyball, 8RS, EV 93.8 MPH)
|
Pitching: RHP Nick Goodlow
|
|
Batting: LHB Josh George
|
0-0: Swinging Strike 0-1: Ball 1-1: Called Strike 1-2: Strikes out swinging Eric Farren steals 2nd base Batter strikes out.
|
Batting: RHB Mark Schultz
|
0-0: Ball 1-0: Ball 2-0: Foul Ball, location: 2F 2-1: Ball 3-1: Base on Balls
|
Batting: LHB Matt Urbanek
|
0-0: Called Strike 0-1: Ball 1-1: Foul Ball, location: 2F 1-2: Ball 2-2: Strikes out swinging
|
Top of the 6th over - 0 runs, 2 hits, 0 errors, 3 left on base; Philadelphia (APP) 1 - San Diego (APP) 1 |
BOTTOM OF THE 6TH |
San Diego (APP) Padres batting - Pitching for Philadelphia (APP) Phillies : RHP Chad Capaldi
|
Pitching: RHP Francisco Tejada
|
|
Batting: LHB Phil Lerner
|
0-0: Swinging Strike 0-1: Called Strike 0-2: Ball 1-2: Strikes out looking
|
Batting: LHB Carlos Cuellar
|
0-0: Ball 1-0: Ball 2-0: Called Strike 2-1: SINGLE (Groundball, 4D, EV 94.4 MPH)
|
Batting: RHB Antonio Lara
|
0-0: Called Strike 0-1: Swinging Strike 0-2: Ball 1-2: Reached on error, E5 (Groundball, 56, EV 96.9 MPH) Carlos Cuellar to second
|
Batting: RHB Ryan Tatum
|
0-0: SINGLE (Groundball, 6D, EV 98.1 MPH) Carlos Cuellar to third Antonio Lara to second Runner from 3rd tries for Home, throw by CF and OUT! 8-2
|
Batting: RHB Aaron Joseph
|
0-0: Ball 1-0: Ball 2-0: Called Strike 2-1: Foul Ball, location: 2F 2-2: Ground out U3 (Groundball, 34, EV 103.1 MPH)
|
Bottom of the 6th over - 0 runs, 2 hits, 1 error, 2 left on base; Philadelphia (APP) 1 - San Diego (APP) 1 |
TOP OF THE 7TH |
Philadelphia (APP) Phillies batting - Pitching for San Diego (APP) Padres : RHP Nick Goodlow
|
Batting: RHB Carlos Morejon
|
0-0: Ball 1-0: Ball 2-0: Foul Ball, location: 2F 2-1: Fly out, F8 (Flyball, 8LXD, EV 107.5 MPH)
|
Batting: RHB Kyle Reilly
|
0-0: Called Strike 0-1: Ground out 6-3 (Groundball, 6M, EV 80.6 MPH)
|
Batting: RHB Seung-mun Kim
|
0-0: Ball 1-0: Reached on error, E5 (Groundball, 56S, EV 85.0 MPH)
|
Batting: LHB Danny Zuniga
|
0-0: Ball 1-0: DOUBLE (Flyball, 8RXD, EV 96.2 MPH) Seung-mun Kim to third
|
Batting: LHB Eric Farren
|
0-0: Ball 1-0: Ball 2-0: Ball 3-0: Called Strike 3-1: Called Strike 3-2: Foul Ball, location: 2F 3-2: Strikes out swinging
|
Top of the 7th over - 0 runs, 1 hit, 1 error, 2 left on base; Philadelphia (APP) 1 - San Diego (APP) 1 |
BOTTOM OF THE 7TH |
San Diego (APP) Padres batting - Pitching for Philadelphia (APP) Phillies : RHP Francisco Tejada
|
Pitching: RHP Dustin Greaves
|
|
Batting: LHB Rogelio Nunez
|
0-0: Ball 1-0: Called Strike 1-1: Foul Ball, location: 2F 1-2: Fly out, F9 (Line Drive, 9D, EV 83.8 MPH)
|
Batting: LHB Ramon Padilla
|
0-0: Swinging Strike 0-1: Ball 1-1: Swinging Strike 1-2: Ball 2-2: SINGLE (Groundball, 4MD, EV 99.4 MPH)
|
Batting: RHB Max Stillo
|
0-0: Called Strike 0-1: Ball 1-1: Ball 2-1: Swinging Strike 2-2: Strikes out looking
|
Batting: RHB Justin Blount
|
0-0: Fielders Choice at 2nd, 6-4 (Groundball, 56, EV 84.4 MPH)
|
Bottom of the 7th over - 0 runs, 1 hit, 0 errors, 1 left on base; Philadelphia (APP) 1 - San Diego (APP) 1 |
TOP OF THE 8TH |
Philadelphia (APP) Phillies batting - Pitching for San Diego (APP) Padres : RHP Nick Goodlow
|
Pitching: RHP Roger Brennan
|
|
Batting: RHB Vaclav Been
|
0-0: Ball 1-0: SOLO HOME RUN (Line Drive, 89XD, EV 108.1 MPH), Distance : 424 ft
|
Batting: LHB Josh George
|
0-0: Ball 1-0: Swinging Strike 1-1: Ball 2-1: Ground out U3 (Groundball, 3, EV 88.8 MPH)
|
Batting: RHB Mark Schultz
|
0-0: Called Strike 0-1: Ball 1-1: Fly out, F9 (Flyball, 9D, EV 86.2 MPH)
|
Batting: LHB Matt Urbanek
|
0-0: Foul Ball, location: 2F 0-1: Called Strike 0-2: Strikes out swinging
|
Top of the 8th over - 1 run, 1 hit, 0 errors, 0 left on base; Philadelphia (APP) 2 - San Diego (APP) 1 |
BOTTOM OF THE 8TH |
San Diego (APP) Padres batting - Pitching for Philadelphia (APP) Phillies : RHP Dustin Greaves
|
Batting: LHB Phil Lerner
|
0-0: Ball 1-0: SINGLE (Groundball, 6M, EV 86.2 MPH) (infield hit)
|
Batting: LHB Carlos Cuellar
|
0-0: Ball 1-0: Foul Ball, location: 2F 1-1: Foul Ball, location: 2F 1-2: Fly out, F4 (Popup, 34, EV 80.0 MPH)
|
Batting: RHB Antonio Lara
|
0-0: Ball 1-0: Foul Ball, location: 2F 1-1: Ball 2-1: Ball Wild Pitch! Phil Lerner to second 3-1: Called Strike 3-2: Ground out 6-3 (Groundball, 6, EV 88.1 MPH)
|
Batting: RHB Ryan Tatum
|
0-0: Called Strike 0-1: Foul Ball, location: 2F 0-2: Ball 1-2: Ball 2-2: Ball 3-2: SINGLE (Groundball, P, EV 83.1 MPH) (infield hit) Phil Lerner to third
|
Batting: RHB Aaron Joseph
|
0-0: Ball Wild Pitch! Phil Lerner scores Ryan Tatum to second 1-0: Foul Ball, location: 2F 1-1: Ball 2-1: Ball 3-1: Foul Ball, location: 2F 3-2: SINGLE (Line Drive, 4D, EV 100.0 MPH) Ryan Tatum to third Runner from 3rd tries for Home, SAFE, throw by RF to home
|
Pitching: RHP Andy Burchfield
|
|
Batting: LHB Rogelio Nunez
|
0-0: Called Strike 0-1: Ball 1-1: Ball 2-1: Foul Ball, location: 2F 2-2: Strikes out swinging
|
Bottom of the 8th over - 2 runs, 3 hits, 0 errors, 1 left on base; Philadelphia (APP) 2 - San Diego (APP) 3 |
TOP OF THE 9TH |
Philadelphia (APP) Phillies batting - Pitching for San Diego (APP) Padres : RHP Roger Brennan
|
Pitching: RHP Eric Busby
|
|
Now at 1B: Tyler West
|
|
Batting: RHB Carlos Morejon
|
0-0: Called Strike 0-1: Foul Ball, location: 2F 0-2: Ball 1-2: Ball 2-2: Foul Ball, location: 2F 2-2: Strikes out swinging
|
Batting: RHB Kyle Reilly
|
0-0: Ball 1-0: Called Strike 1-1: Swinging Strike 1-2: Strikes out swinging
|
Batting: RHB Seung-mun Kim
|
0-0: Ball 1-0: Called Strike 1-1: Ball 2-1: Called Strike 2-2: Ball 3-2: Base on Balls
|
Batting: LHB Danny Zuniga
|
0-0: Ball 1-0: Swinging Strike 1-1: Hit by Pitch Seung-mun Kim to second
|
Batting: LHB Eric Farren
|
0-0: Foul Ball, location: 2F 0-1: DOUBLE (Flyball, 8RXD, EV 112.5 MPH) Seung-mun Kim scores Danny Zuniga to third
|
Batting: RHB Vaclav Been
|
0-0: Ball 1-0: Foul Ball, location: 2F 1-1: Foul Ball, location: 2F 1-2: Ball 2-2: SINGLE (Groundball, 6M, EV 106.2 MPH) Danny Zuniga scores Eric Farren to third Runner from 3rd tries for Home, throw by CF and OUT! 8-2
|
Top of the 9th over - 2 runs, 2 hits, 0 errors, 1 left on base; Philadelphia (APP) 4 - San Diego (APP) 3 |
BOTTOM OF THE 9TH |
San Diego (APP) Padres batting - Pitching for Philadelphia (APP) Phillies : RHP Andy Burchfield
|
Pitching: RHP Lucas McPhillie
|
|
Now at C: Eduardo Calderon
|
|
Now at 1B: Danny Zuniga
|
|
Now at 3B: Eric Farren
|
|
Now at SS: Gary Sampson
|
|
Now in RF: Jesse Haught
|
|
Batting: LHB Ramon Padilla
|
0-0: Ball 1-0: Ball 2-0: Called Strike 2-1: Ball 3-1: Swinging Strike 3-2: Strikes out swinging
|
Pinch Hitting: LHB Conor Barron
|
0-0: Called Strike 0-1: Ball 1-1: Foul Ball, location: 2F 1-2: Ball 2-2: Ball 3-2: Base on Balls
|
Pinch Hitting: LHB Hugo MacBeth
|
0-0: 2-RUN HOME RUN (Flyball, 7LD, EV 97.5 MPH), Distance : 356 ft
|
Bottom of the 9th over - 2 runs, 1 hit, 0 errors, 0 left on base; Philadelphia (APP) 4 - San Diego (APP) 5 |
|
Game Over ... San Diego (APP) defeats Philadelphia (APP), 5 to 4
|
|
|